 Dungeon Crawl Stone Soup version 0.29.1-13-g9f3cf754e1 (webtiles) character file.

Game seed: 11758132164736638647

41 zlionsfan the Sneak (level 3, -2/22 HPs)
             Began as a Vampire Delver on Jan 27, 2023.
             Slain by a hobgoblin (4 damage)
             ... led by Robin
             ... on level 2 of the Dungeon.
             The game lasted 00:05:01 (565 turns).

zlionsfan the Sneak (Vampire Delver)                 Turns: 565, Time: 00:05:01

Health: -2/22      AC:  7    Str: 11    XL:     3   Next: 32%
Magic:  3/3        EV: 12    Int: 18    God:
Gold:   64         SH:  0    Dex: 17    Spells: 2/2 levels left

rFire   . . .      SeeInvis +   a - +0 short sword
rCold   + + .      Faith    .   (no shield)
rNeg    + + +      Spirit   .   h - +0 leather armour
rPois   ∞          Reflect  .   (no helmet)
rElec   .          Harm     .   (no cloak)
rCorr   +          Rampage  .   n - +0 pair of gloves
Will    .....                   m - +2 pair of boots
Stlth   ++++++....              (no amulet)
HPRegen 0.00/turn               i - ring of resist corrosion
MPRegen 0.08/turn               e - +6 ring of intelligence

@: bloodless, inhibited regen
A: bloodless, fangs 3, see invisible, vampiric 2
a: Bat Form, Revivify


You were on level 2 of the Dungeon.
You visited 1 branch of the dungeon, and saw 4 of its levels.

You collected 64 gold pieces.

Inventory:

Hand Weapons
 a - a +0 short sword (weapon)
 b - a +0 sling
Armour
 h - a +0 leather armour (worn)
 m - a +2 pair of boots (worn)
 n - a +0 pair of gloves (worn)
Jewellery
 e - a +6 ring of intelligence (right hand)
 i - a ring of resist corrosion (left hand)
Wands
 g - a wand of digging (10)
Scrolls
 c - a scroll of fog
 d - a scroll of magic mapping
 j - 2 scrolls of teleportation {unknown}
 l - a scroll of identify {unknown}
 o - a scroll of blinking {unknown}
Potions
 f - a potion of haste
 k - a potion of mutation {unknown}
 p - a potion of might {unknown}


   Skills:
 * Level 2.8 Fighting
 * Level 2.7 Short Blades
 * Level 0.9 Ranged Weapons
 + Level 0.5 Armour
 + Level 2.2 Dodging
 + Level 7.9 Stealth


You had 2 spell levels left.
You didn't know any spells.
Your spell library was empty.

Dungeon Overview and Level Annotations

Branches:
Dungeon (5/15)
 Temple: D:4-7

Altars:

Annotations:
D:2 Robin


Innate Abilities, Weirdness & Mutations

You do not regenerate when monsters are visible.
You are frail without blood (-20% HP).
You can heal yourself when you bite living creatures.
You are immune to poison.
You have razor-sharp teeth.
You have supernaturally acute eyesight. (SInv)
You are afflicted with vampirism and can become a bat while bloodless.


Message History

You hit the goblin but do no damage.
The goblin is severely wounded.
The goblin misses you. The goblin hits you but does no damage.
You miss the goblin.
The goblin is severely wounded.
The goblin hits you with a +0 club.
* * * LOW HITPOINT WARNING * * *
The goblin closely misses you.
You hit the goblin but do no damage.
The goblin is severely wounded.
The goblin hits you but does no damage. The goblin barely misses you.
Robin closely misses you.
You hit the goblin.
You kill the goblin!
The goblin hits you but does no damage.
Robin roars a battlecry!
The goblin goes into a battle-frenzy!
You hear a shout! x2
You closely miss the goblin. You bite the goblin.
You kill the goblin!
Robin hits you but does no damage.
Things that are here:
a +0 club; a +0 club; a goblin corpse You barely miss Robin.
Robin roars a battlecry!
The goblin goes into a battle-frenzy!
The goblin barely misses you.
You hear a shout!
You hit Robin. You punch Robin, but do no damage.
Robin is moderately wounded.
The goblin barely misses you. Robin throws the goblin at you!
You hit the goblin.
You kill the goblin!
Robin roars a battlecry!
You hit Robin. Your punch misses Robin.
Robin is moderately wounded.
Robin hits you with a +0 spear.
* * * LOW HITPOINT WARNING * * *
The hobgoblin hits you.
You die... gg.

#.# #g# #.#
#g# #.# #g#
#.# #g## #.#
#..# #.# ##)#
#)# #g###)# #
#g..#@# #
###ggg# ##
###..#
#######. #..#
##.......
#....
#..######
#.##.#####.##
#.......##.#
### #...##.#
#..#..#


You could see Robin, a hobgoblin (strong) and a goblin (strong).

Vanquished Creatures
  An adder (D:3)
  A shadow imp (D:5)
  An orc (D:4)
  2 ball pythons (D:4)
  2 bats
  An endoplasm (D:4)
  A giant cockroach (D:2)
  7 goblins
  A kobold (D:4)
  A quokka (D:4)
  A rat (D:3)
19 creatures vanquished.

Notes
Turn   | Place    | Note
-------+----------+-------------------------------------------
     0 | D:5      | zlionsfan the Vampire Delver began the quest for the Orb.
     0 | D:5      | Reached XP level 1. HP: 17/17 MP: 1/1
    18 | D:5      | Noticed a hound
   145 | D:4      | You fall into a shaft and drop 1 floor!
   176 | D:5      | Reached XP level 2. HP: 16/23 MP: 2/2
   364 | D:3      | Gained mutation: You are afflicted with vampirism and can
                  | become a bat while bloodless. [Vampire growth]
   364 | D:3      | Reached XP level 3. HP: 28/28 MP: 3/3
   531 | D:2      | Noticed Robin
   565 | D:2      | Slain by a hobgoblin

Illustrated notes

Levels and vault maps discovered:
D:2:      layout_basic, uniq_robin, uniq_jessica
D:3:      layout_loops_ring, kennysheep_path_1, minmay_mini_jars, uniq_grinder
D:4:      layout_basic
D:5:      layout_basic, hex_intersection

Action                   || total
-------------------------++-------
Melee: Short sword       ||    65
       Bite              ||     7
       Punch             ||     3
 Fire: Sling             ||     6
 Abil: Exsanguinate      ||     1
Evoke: Wand              ||     2
  Use: Scroll            ||     1
 Stab: Sleeping          ||     3
Armor: Leather armour    ||    20
Dodge: Dodged            ||    46
